 Dungeon Crawl Stone Soup version 0.27-a0-1220-g54dba09ff7 (webtiles) character file.

Game seed: 11839379233332010467

22 Bnni the Grasshopper (level 2, -1/24 HPs)
             Began as a Palentonga Warper on June 7, 2021.
             Was a Follower of Fedhas.
             Succumbed to a kobold's poison
             ... on level 2 of the Dungeon.
             The game lasted 00:02:10 (746 turns).

Bnni the Grasshopper (Palentonga Warper)             Turns: 746, Time: 00:02:11

Health: -1/24      AC:  4    Str: 14    XL:     2   Next: 68%
Magic:  5/5        EV:  9    Int: 13    God:    Fedhas [*.....]
Gold:   51         SH:  0    Dex:  9    Spells: 5/5 levels left

rFire    . . .     SeeInvis +   a - +0 hand axe
rCold    . . .     Faith    .   (no shield)
rNeg     . . .     Spirit   .   b - +0 leather armour
rPois    .         Reflect  .   (no helmet)
rElec    .         Harm     .   (no cloak)
rCorr    .         Rampage  .   (no gloves)
Will     .....                  (no barding)
Stlth    +.........             (no amulet)
HPRegen  0.08/turn              (no ring)
MPRegen  0.09/turn              (no ring)

@: lethally poisoned (-1 -> -30)
A: large, rugged brown scales 3, see invisible, deformed body, roll 1, armoured
tail
a: Rolling Charge, Renounce Religion


You were on level 2 of the Dungeon.
You worshipped Fedhas.
Fedhas was aware of your devotion.
You visited 1 branch of the dungeon, and saw 2 of its levels.

You collected 51 gold pieces.

Inventory:

Hand Weapons
 a - a +0 hand axe (weapon)
Missiles
 e - 4 boomerangs of dispersal (quivered)
Armour
 b - a +0 leather armour (worn)
Scrolls
 d - a scroll of blinking
 h - a scroll of enchant armour {unknown}
 i - a scroll of fog {unknown}
Potions
 c - a potion of curing {unknown}
 f - a potion of flight {unknown}
 g - 2 potions of brilliance {unknown}
 j - a potion of lignification {unknown}


   Skills:
 + Level 2.4 Fighting
 * Level 3.0 Axes
 - Level 0.6 Throwing
 - Level 0.7 Armour
 - Level 1.5 Dodging
 - Level 2.0 Spellcasting
 - Level 3.0 Translocations


You had 5 spell levels left.
You didn't know any spells.
Your spell library contained the following spells:

 Spells                   Type           Power      Damage    Failure   Level
 Blink                    Tloc           N/A        N/A       14%         2
 Gell's Gravitas          Tloc           4%         N/A       28%         3
 Lesser Beckoning         Tloc           4%         N/A       28%         3
 Teleport Other           Tloc           9%         N/A       28%         3
 Manifold Assault         Tloc           9%         N/A       95%         5


Dungeon Overview and Level Annotations

Branches:
Dungeon (2/15)

Altars:
Fedhas


Innate Abilities, Weirdness & Mutations

You are completely covered in rugged brown scales. (AC +3, +7% HP)
You have supernaturally acute eyesight. (SInv)
Armour fits poorly on your strangely shaped body.
You can roll at nearby foes to attack.
You have a long armoured tail.


Message History

You barely miss the goblin. The goblin hits you but does no damage.
Your leather armour prevents you from hitting the goblin.
The goblin barely misses you.
You hit the goblin.
You kill the goblin!
Fedhas appreciates your contribution to the ecosystem.
A rat comes into view.
A kobold comes into view.
It is wielding a +2 short sword of venom.
The kobold shouts!
The kobold throws a stone.
The stone barely misses you.
You hit the rat but do no damage.
A goblin comes into view. It is wielding a +0 dagger.
The rat closely misses you.
You barely miss the rat. The rat bites you.
You hit the goblin.
You kill the goblin!
Fedhas appreciates your contribution to the ecosystem.
You closely miss the rat. The rat closely misses you. x2
Your Axes skill increases to level 3!
You slash the rat!
You kill the rat!
Fedhas appreciates your contribution to the ecosystem.
The kobold hits you with a +2 short sword of venom.
You see here a +0 dagger.
You closely miss the kobold. The kobold closely misses you.
You closely miss the kobold.
The kobold hits you with a +2 short sword of venom!
You are lethally poisoned!
The kobold hits you with a +2 short sword of venom.
* * * LOW HITPOINT WARNING * * *
You are more poisoned.
You are too injured to fight recklessly!
You are too injured to fight recklessly!
Throw: 5 boomerangs (disperse)
Press: ? - help, Q - select action, (/) - cycle Shift-Dir - straight line, f - kobold
Aim: a kobold, wielding a +2 short sword of venom and quivering stones (45% to hit)
You throw a boomerang of dispersal.
The boomerang of dispersal misses the kobold.
You die...
Fedhas appreciates your contribution to the ecosystem.

#
######.####.
#.†.@K......
#<####.###(.
#.# # ...
##.#. #.#.#
#.# # #..
...


You could see a kobold.

Vanquished Creatures
  2 bats (D:1)
  A giant cockroach (D:1)
  6 goblins
  A hobgoblin (D:1)
  2 kobolds (D:1)
  2 quokkas (D:1)
  3 ball pythons (D:1)
  A frilled lizard (D:1)
  2 rats
20 creatures vanquished.

Notes
Turn   | Place    | Note
-------+----------+-------------------------------------------
     0 | D:1      | Bnni the Palentonga Warper began the quest for the Orb.
     0 | D:1      | Reached XP level 1. HP: 17/17 MP: 3/3
   172 | D:1      | Reached XP level 2. HP: 23/23 MP: 5/5
   468 | D:1      | Found a faded altar of an unknown god.
   537 | D:1      | Became a worshipper of Fedhas Madash
   537 | D:1      | Reached * piety under Fedhas
   746 | D:2      | Succumbed to a kobold's poison

Illustrated notes

Levels and vault maps discovered:
D:1:      minmay_arrival_five_plusses, layout_basic,
          shapermc_ecumenical_altar_notcrosses, serial_bayou_pond_e,
          grunt_decor_cap
D:2:      layout_loops_ring, uniq_robin, uniq_crazy_yiuf_cottage

Skill      XL: |  1  2 |
---------------+-------+-----
Axes           | 3 |  3.0
Fighting       | |  2.4
Throwing       | |  0.6
Armour         | |  0.7
Dodging        | |  1.5
Spellcasting   | |  2.0
Translocations | |  3.0

Action                   || total
-------------------------++-------
Melee: Hand axe          ||    61
       Tailslap          ||     6
Throw: Boomerang         ||     1
 Abil: Rolling Charge    ||    13
Armor: Leather armour    ||    31
Dodge: Dodged            ||    37

Table legend: (Time is in decaauts)
 A = Elapsed time spent in this place.
 B = Non-inter-level travel time spent in this place.
 C = Inter-level travel time spent in this place.
 D = Time resting spent in this place.
 E = Time spent auto-exploring this place.
 F = Levels seen in this place.
 G = Mean time per level.
                   A        B        C        D        E       F      G
               +--------+--------+--------+--------+--------+-----+--------+
         Total |    757 |    717 |     40 |      0 |    591 |   2 |  378.5 |
       Dungeon |    757 |    717 |     40 |      0 |    591 |   2 |  378.5 |
               +--------+--------+--------+--------+--------+-----+--------+

Top non-repeatable levels by time:
     D:1: 738 daAuts
     D:2: 18 daAuts
